 Dungeon Crawl Stone Soup version 0.27-a0-1116-g91b3acb402 (webtiles) character file.

Game seed: 15188322051205130607

423 Armakuni the Skirmisher (level 7, -12/56 HPs)
             Began as a Human Artificer on May 1, 2021.
             Mangled by a two-headed ogre
             ... wielding a +0 giant club
              (13 damage)
             ... on level 5 of the Dungeon.
             The game lasted 00:12:29 (4888 turns).

Armakuni the Skirmisher (Human Artificer)           Turns: 4888, Time: 00:12:29

Health: -12/56     AC:  8    Str: 13    XL:     7   Next: 17%
Magic:  7/7        EV: 10    Int: 13    God:
Gold:   171        SH:  0    Dex: 19    Spells: 6/6 levels left

rFire    . . .     SeeInvis .   a - +3 dagger (speed)
rCold    . . .     Faith    .   (no shield)
rNeg     . . .     Spirit   .   i - +0 ring mail
rPois    +         Reflect  .   p - +1 helmet
rElec    .         Harm     .   (no cloak)
rCorr    .         Rampage  .   (no gloves)
Will     .....                  (no boots)
Stlth    +.........             (no amulet)
HPRegen  0.18/turn              P - ring of poison resistance
MPRegen  0.10/turn              D - +6 ring of dexterity

@: hasted, studying Armour, very quick
A: no striking features
a: no special abilities


You were on level 5 of the Dungeon.
You visited 1 branch of the dungeon, and saw 7 of its levels.

You collected 171 gold pieces.

Inventory:

Hand Weapons
 a - a +3 dagger of speed (weapon)
 b - a +0 arbalest
 h - a +4 dagger
 q - a +0 club
Missiles
 r - 18 bolts
Armour
 i - a +0 ring mail (worn)
 n - a +0 scale mail
 p - a +1 helmet (worn)
Magical Staves
 j - a staff of death
Jewellery
 g - a ring of positive energy
 D - a +6 ring of dexterity (right hand)
 I - a ring of see invisible
 M - a ring of magical power
 P - a ring of poison resistance (left hand)
Wands
 c - a wand of flame (6) (quivered)
 d - a wand of charming (3)
 k - a wand of digging (5)
Scrolls
 o - a scroll of fog
Potions
 m - a potion of invisibility {unknown}
 s - a potion of brilliance {unknown}
 t - a potion of berserk rage {unknown}
 u - 3 potions of curing
Miscellaneous
 e - a piece from Xom's chessboard (inert)


   Skills:
 - Level 5.0 Fighting
 - Level 3.3 Maces & Flails
 + Level 4.8 Armour
 - Level 1.0 Dodging
 - Level 1.0 Stealth
 - Level 3.0 Evocations


You had 6 spell levels left.
You didn't know any spells.
Your spell library was empty.

Dungeon Overview and Level Annotations

Branches:
Dungeon (7/15)
 Temple: D:4-7

Altars:
Dithmenos
Gozag


Message History

What are your orders? t - Shout!
Orders for allies: a - Attack new target. p - Attack previous target. r - Retreat! s - Stop attacking. g - Guard the area. f - Follow me.
Anything else - Cancel.
Gang up on whom?
Press: ? - help, Dir - move target, f - two-headed ogre, p - sky beast
Aim: a two-headed ogre, wielding a +0 giant club and a +0 giant spiked club Attack!
The orc misses you.
Your sky beast hits the two-headed ogre but does no damage.
Okay, then.
You completely miss the orc.
The two-headed ogre hits your sky beast with a +0 giant club!!
The two-headed ogre barely misses your sky beast.
You hit the orc.
The orc is almost dead.
The orc hits you but does no damage.
Your sky beast barely misses the two-headed ogre.
You hit the orc.
You kill the orc!
The two-headed ogre hits your sky beast with a +0 giant club!
Your sky beast dies!
You make a move on Xom's chessboard...
The two-headed ogre falls asleep!
The chess piece greys!
The two-headed ogre hits you with a +0 giant club!
The two-headed ogre hits you with a +0 giant spiked club!!
You hit the two-headed ogre.
The two-headed ogre is lightly wounded.
You hit the two-headed ogre.
The two-headed ogre is lightly wounded.
The two-headed ogre hits you with a +0 giant club!
* * * LOW HITPOINT WARNING * * *
The two-headed ogre hits you with a +0 giant spiked club.
* * * LOW HITPOINT WARNING * * *
Okay, then.
Okay, then.
It was a potion of haste.
You feel yourself speed up.
The two-headed ogre hits you with a +0 giant club!
You die...

#############
#..........[#
#..@........#
#..)O.......##
#.....>.......
######$.......
#.####### #.#
#O# ##'#######
#........#


You could see a two-headed ogre.

Vanquished Creatures
  A steam dragon (D:3)
  An orc priest (D:3)
  A hound (D:3)
  An iguana (D:6)
  Ijyb (D:3)
  Robin (D:3)
  7 adders
  2 gnolls (D:2)
  An ufetubus (D:7)
  2 worms
  A dart slug (D:1)
  9 orcs
  10 ball pythons
  5 bats
  6 endoplasms
  2 giant cockroaches
  13 goblins
  8 hobgoblins
  3 jackals (D:2)
  2 quokkas
  2 frilled lizards (D:1)
  2 kobolds
  6 rats
87 creatures vanquished.

Vanquished Creatures (collateral kills)
  An endoplasm (D:3)
  A goblin (D:3)
2 creatures vanquished.

Vanquished Creatures (others)
  A sky beast (D:5)
  A gnoll (D:2)
2 creatures vanquished.

Grand Total: 91 creatures vanquished

Notes
Turn   | Place    | Note
-------+----------+-------------------------------------------
     0 | D:1      | Armakuni the Human Artificer began the quest for the Orb.
     0 | D:1      | Reached XP level 1. HP: 15/15 MP: 1/1
    40 | D:1      | Found a faded altar of an unknown god.
   160 | D:1      | Reached skill level 1 in Maces & Flails
   160 | D:1      | Reached XP level 2. HP: 21/21 MP: 2/2
   800 | D:1      | Reached skill level 2 in Fighting
   805 | D:1      | Reached XP level 3. HP: 24/27 MP: 3/3
  1549 | D:2      | Reached XP level 4. HP: 34/34 MP: 4/4
  2098 | D:2      | Reached skill level 3 in Fighting
  2467 | D:3      | Reached XP level 5. HP: 41/41 MP: 5/5
  2597 | D:3      | Found an opulent altar of Gozag.
  3000 | D:3      | Identified a scroll of acquirement
  3000 | D:3      | Acquired a manual of Armour
  3014 | D:3      | Noticed Ijyb
  3025 | D:3      | Killed Ijyb
  3058 | D:3      | Noticed a steam dragon
  3320 | D:3      | Reached skill level 4 in Fighting
  3325 | D:3      | Noticed Robin
  3340 | D:3      | Reached XP level 6. HP: 42/48 MP: 6/6
  3349 | D:3      | Killed Robin
  3649 | D:3      | Killed a steam dragon
  3650 | D:3      | Reached skill level 5 in Fighting
  3781 | D:3      | Found a shadowy altar of Dithmenos.
  3995 | D:4      | Noticed a black bear
  4328 | D:4      | Reached XP level 7. HP: 38/56 MP: 7/7
  4669 | D:4      | You fall into a shaft and drop 1 floor!
  4669 | D:5      | Entered Level 5 of the Dungeon
  4672 | D:5      | Noticed a two-headed ogre
  4886 | D:5      | HP: 2/56 [two-headed ogre/+0 giant club (16)]
  4888 | D:5      | Mangled by a two-headed ogre

Illustrated notes

Levels and vault maps discovered:
D:1:      mushboom_english_gardens, layout_rooms,
          hellmonk_ecumenical_altar_heavens_door,
          hangedman_decor_clover_reticule, kennysheep_flooded_box,
          amethyst_killhole
D:2:      layout_basic
D:3:      layout_loops_ring, nicolae_gozag_seed_capital, marbit_many_paths,
          minmay_misc_feat_alley, uniq_ijyb, uniq_robin
D:4:      layout_rooms, serial_bayou_pond_e, minmay_misc_feat_nine_boxes,
          serial_park_tiny_2
D:5:      layout_basic, minmay_temple_entry_ruins, minmay_crossroads,
          uniq_duvessa, uniq_blork_the_orc, uniq_menkaure
D:6:      layout_gridville, jmf_multi_god_temple2, kennysheep_generic_room_16
D:7:      layout_gridville, minmay_parallelograms

Skill      XL: |  1  2  3  4  5  6  7 |
---------------+----------------------+-----
Maces & Flails | 1 2 3 |  3.3
Fighting       | 2 3 4 5 |  5.0
Armour         | 3 4 |  4.8
Dodging        | |  1.0
Stealth        | |  1.0
Evocations     | |  3.0

Action                   |  1- 3 |  4- 6 |  7- 9 || total
-------------------------+-------+-------+-------++-------
Melee: Club              |   116 |    62 |       ||   178
       Dagger            |       |   112 |    61 ||   173
 Fire: Hunting sling     |    10 |    17 |       ||    27
       Arbalest          |       |     1 |       ||     1
Evoke: Piece from Xom's  |     4 |    21 |     1 ||    26
       Wand              |     4 |    12 |     5 ||    21
  Use: Scroll            |     1 |     3 |     5 ||     9
       Potion            |       |     2 |     2 ||     4
 Stab: Paralysed         |     3 |     5 |       ||     8
       Petrified         |    13 |       |       ||    13
       Confused          |       |     6 |       ||     6
       Distracted        |       |     1 |       ||     1
Armor: Leather armour    |    28 |       |       ||    28
       Ring mail         |    14 |   112 |    23 ||   149
Dodge: Dodged            |    59 |   113 |    24 ||   196

Table legend: (Time is in decaauts)
 A = Elapsed time spent in this place.
 B = Non-inter-level travel time spent in this place.
 C = Inter-level travel time spent in this place.
 D = Time resting spent in this place.
 E = Time spent auto-exploring this place.
 F = Levels seen in this place.
 G = Mean time per level.
                   A        B        C        D        E       F      G
               +--------+--------+--------+--------+--------+-----+--------+
         Total |   4912 |   4683 |    229 |   1210 |   2231 |   7 |  701.7 |
       Dungeon |   4912 |   4683 |    229 |   1210 |   2231 |   7 |  701.7 |
               +--------+--------+--------+--------+--------+-----+--------+

Top non-repeatable levels by time:
     D:2: 1636 daAuts
     D:3: 1471 daAuts
     D:1: 1171 daAuts
     D:4: 426 daAuts
     D:6: 158 daAuts
     D:5: 39 daAuts
     D:7: 8 daAuts
